 Dungeon Crawl Stone Soup version 0.27-a0-1272-g7c8ad2e407 (webtiles) character file.

Game seed: 11732342359305448170

213 Froggeryz the Chopper (level 5, -7/38 HPs)
             Began as a Demonspawn Gladiator on June 11, 2021.
             Mangled by an ogre
             ... wielding a +0 giant club
              (18 damage)
             ... on level 4 of the Dungeon.
             The game lasted 00:02:20 (4010 turns).

Froggeryz the Chopper (Demonspawn Gladiator)        Turns: 4010, Time: 00:02:21

Health: -7/38      AC:  8    Str: 15    XL:     5   Next: 59%
Magic:  5/5        EV: 10    Int: 10    God:
Gold:   127        SH:  0    Dex: 14    Spells: 4/4 levels left

rFire    . . .     SeeInvis .   a - +1 war axe
rCold    . . .     Faith    .   (no shield)
rNeg     . . .     Spirit   .   j - +0 scale mail
rPois    .         Reflect  .   c - +0 helmet
rElec    .         Harm     .   (no cloak)
rCorr    .         Rampage  .   (no gloves)
Will     .....                  e - +0 pair of boots
Stlth    ..........             (no amulet)
HPRegen  0.12/turn              (no ring)
MPRegen  0.18/turn              (no ring)

@: lethally poisoned (-7 -> -11)
A: demonic guardian 2, magic regeneration
a: no special abilities


You were on level 4 of the Dungeon.
You visited 1 branch of the dungeon, and saw 4 of its levels.

You collected 127 gold pieces.

Inventory:

Hand Weapons
 a - a +1 war axe (weapon)
Missiles
 d - a throwing net (quivered)
Armour
 c - a +0 helmet (worn)
 e - a +0 pair of boots (worn)
 j - a +0 scale mail (worn)
Scrolls
 g - a scroll of teleportation
Potions
 h - a potion of invisibility {unknown}
 i - a potion of curing {unknown}


   Skills:
 - Level 2.0 Fighting
 * Level 5.0 Axes
 - Level 1.7 Throwing
 + Level 2.5 Armour
 - Level 2.6 Dodging


You had 4 spell levels left.
You didn't know any spells.
Your spell library contained the following spells:

 Spells                   Type           Power      Damage    Failure   Level
 Beastly Appendage        Tmut           0%         N/A       82%         1
 Summon Small Mammal      Summ           0%         N/A       82%         1
 Call Imp                 Summ           0%         N/A       91%         2
 Wereblood                Tmut           0%         N/A       91%         2
 Call Canine Familiar     Summ           0%         N/A       99%         3
 Spider Form              Tmut/Pois      0%         N/A       99%         3
 Summon Guardian Golem    Hex/Summ       0%         N/A       99%         3
 Ice Form                 Ice/Tmut       0%         N/A       100%        4
 Summon Ice Beast         Ice/Summ       0%         N/A       100%        4
 Summon Lightning Spire   Summ/Air       0%         N/A       100%        4


Dungeon Overview and Level Annotations

Branches:
Dungeon (4/15)
 Temple: D:4-7

Altars:


Innate Abilities, Weirdness & Mutations

A demonic guardian rushes to your aid.
You regenerate magic rapidly.


Message History

You are more poisoned.
The adder poisons you!
You hit the ogre but do no damage.
The ogre is moderately wounded.
You barely miss the adder.
You feel sick. The adder barely misses you. The ogre closely misses you.
Throw: 2 throwing nets
Press: ? - help, Q - select action Shift-Dir - straight line, f/p - ogre
Aim: an ogre, wielding a +0 giant club (moderately wounded, 74% to hit)
You throw a throwing net. The throwing net hits the ogre.
The ogre is caught in the net!
The ogre is moderately wounded.
You feel sick. The adder bites you but does no damage.
The ogre struggles against the net.
The adder bites you.
You are more poisoned.
The adder poisons you!
You hit the ogre but do no damage.
The ogre is moderately wounded.
You closely miss the adder.
You feel very sick. The adder bites you but does no damage.
The ogre struggles against the net.
You hit the ogre.
The ogre is heavily wounded.
You miss the adder.
You feel very sick. The adder bites you but does no damage.
The ogre struggles against the net.
The adder closely misses you.
You hit the ogre.
The ogre is heavily wounded.
You closely miss the adder.
You feel sick.
The ogre struggles against the net.
The adder bites you but does no damage.
You strike the helpless ogre from behind!
You hit the ogre.
The ogre is severely wounded.
You slash the adder!
You kill the adder!
You feel sick.
The ogre struggles against the net.
The net rips apart, and the ogre comes free!
The ogre hits you with a +0 giant club!!
You die...

#.# .....(...# #.#
.........# #.#
.........+ ..# #.#
.........# #.# #.#
.........# #.# #.#
.........# #.# #.#
.........# #.# #.#
.....#@#####.#####
#.#
......†O.........>#
#.#
.........##.#.####
#.#
.#.##.##.#.......#
#.# # #.
#.#..#.##.#####.#
#.
#.#..#.#......... #
#.#..#.#..#######
..#..#.#..#
..#..#.#..#


You could see an ogre.

Vanquished Creatures
  A jelly (D:3)
  A gnoll shaman (D:2)
  An orc wizard (D:2)
  3 adders
  2 gnolls
  A dart slug (D:1)
  An orc (D:2)
  3 ball pythons
  A bat (D:2)
  4 endoplasms
  4 giant cockroaches
  2 hobgoblins
  7 jackals
  8 kobolds
  2 quokkas
  4 frilled lizards
  5 goblins
  3 rats
53 creatures vanquished.

Vanquished Creatures (collateral kills)
  An orc priest (D:2)
  A gnoll (D:2)
  An orc (D:2)
  2 goblins (D:2)
  A jackal (D:3)
6 creatures vanquished.

Grand Total: 59 creatures vanquished

Notes
Turn   | Place    | Note
-------+----------+-------------------------------------------
     0 | D:1      | Froggeryz the Demonspawn Gladiator began the quest for the
                  | Orb.
     0 | D:1      | Reached XP level 1. HP: 16/16 MP: 1/1
   120 | D:1      | Reached skill level 3 in Axes
   337 | D:1      | Gained mutation: A weak demonic guardian rushes to your
                  | aid. [demonic ancestry]
   337 | D:1      | Reached XP level 2. HP: 16/22 MP: 2/2
   419 | D:1      | Found a faded altar of an unknown god.
  1480 | D:2      | Reached skill level 1 in Armour
  1490 | D:2      | Gained mutation: A demonic guardian rushes to your aid.
                  | [demonic ancestry]
  1490 | D:2      | Reached XP level 3. HP: 27/27 MP: 3/3
  1560 | D:2      | Reached skill level 4 in Axes
  1560 | D:2      | Gained mutation: You regenerate magic rapidly. [demonic
                  | ancestry]
  1560 | D:2      | Reached XP level 4. HP: 19/33 MP: 4/4
  2434 | D:2      | Reached XP level 5. HP: 26/38 MP: 5/5
  3576 | D:3      | Reached skill level 5 in Axes
  3996 | D:4      | Noticed an ogre
  4010 | D:4      | Mangled by an ogre

Illustrated notes

Levels and vault maps discovered:
D:1:      nzn_arrival_settlement, layout_loops_corners,
          chequers_ecumenical_altar_simple,
          wander_ebering_terrifying_dragon_lair
D:2:      layout_loops_ring, st_stairs_13, minmay_misc_feat_pillars
D:3:      layout_basic
D:4:      layout_basic

Skill      XL: |  1  2  3  4  5 |
---------------+----------------+-----
Axes           | 3 4 5 |  5.0
Armour         | 1 2 |  2.5
Fighting       | |  2.0
Throwing       | |  1.7
Dodging        | |  2.6

Action                   |  1- 3 |  4- 6 || total
-------------------------+-------+-------++-------
Melee: War axe           |    75 |   106 ||   181
Throw: Throwing net      |       |     2 ||     2
  Use: Potion            |       |     1 ||     1
       Scroll            |       |     2 ||     2
 Stab: Sleeping          |     1 |       ||     1
       Held in net/web   |       |     3 ||     3
Armor: Leather armour    |    32 |    32 ||    64
       Scale mail        |       |     7 ||     7
Dodge: Dodged            |    46 |    75 ||   121

Table legend: (Time is in decaauts)
 A = Elapsed time spent in this place.
 B = Non-inter-level travel time spent in this place.
 C = Inter-level travel time spent in this place.
 D = Time resting spent in this place.
 E = Time spent auto-exploring this place.
 F = Levels seen in this place.
 G = Mean time per level.
                   A        B        C        D        E       F      G
               +--------+--------+--------+--------+--------+-----+--------+
         Total |   4066 |   4015 |     51 |    538 |   3002 |   4 | 1016.5 |
       Dungeon |   4066 |   4015 |     51 |    538 |   3002 |   4 | 1016.5 |
               +--------+--------+--------+--------+--------+-----+--------+

Top non-repeatable levels by time:
     D:2: 1479 daAuts
     D:1: 1347 daAuts
     D:3: 1161 daAuts
     D:4: 77 daAuts
